 Dungeon Crawl Stone Soup version 0.24.0-2-g5b39cebb1c (webtiles) character file.

Game seed: 11319910035112785108, levelgen mode: deterministic

88 Briareos the Conjurer (level 4, -1/34 HPs)
             Began as a Draconian Conjurer on Oct 28, 2019.
             Was an Initiate of Okawaru.
             Slain by a worker ant (2 damage)
             ... on level 4 of the Dungeon on Oct 31, 2019.
             The game lasted 00:13:08 (2214 turns).

Briareos the Conjurer (Draconian Conjurer)          Turns: 2214, Time: 00:13:09

Health: -1/34      AC:  5    Str:  6    XL:     4   Next: 30%
Magic:  0/7        EV: 12    Int: 16    God:    Okawaru [......]
Gold:   75         SH:  0    Dex: 12    Spells: 2/8 levels left

rFire    . . .     SeeInvis .   a - +0 spear
rCold    . . .     Gourm    .   (no shield)
rNeg     . . .     Faith    .   (armour unavailable)
rPois    .         Spirit   .   (helmet restricted)
rElec    .         Reflect  .   (no cloak)
rCorr    .         Harm     .   (no gloves)
MR       .....                  (no boots)
Stlth    ++........             (no amulet)
HPRegen  0.11/turn              j - -4 ring of strength (curse)
MPRegen  0.10/turn              (no ring)

@: lethally poisoned (-1 -> -4), hasted, very quick
A: unfitting armour, cold-blooded, AC +5
a: Renounce Religion


You were on level 4 of the Dungeon.
You worshipped Okawaru.
Okawaru was noncommittal.
You were not hungry.

You visited 1 branch of the dungeon, and saw 4 of its levels.

You collected 75 gold pieces.

Inventory:

Hand Weapons
 a - a +0 spear (weapon)
 e - a cursed -1 dagger
 g - a +0 hunting sling
 h - a +0 hunting sling
 r - a +2 hand axe of flaming
 s - a +0 dagger
Missiles
 c - 39 stones (quivered)
 l - 24 arrows
 q - 13 sling bullets
Armour
 k - a +0 robe
 t - a +0 robe
Jewellery
 j - a cursed -4 ring of strength (left hand)
 o - a cursed ring of teleportation {unknown}
 p - an uncursed ring of protection from cold {unknown}
Potions
 d - a potion of degeneration {unknown}
 f - a potion of agility {unknown}
 m - a potion of mutation {unknown}
 n - a potion of curing {unknown}
 u - a potion of cancellation {unknown}
Comestibles
 b - 5 rations


   Skills:
 + Level 0.4 Fighting
 + Level 1.1 Polearms
 + Level 2.0 Dodging
 + Level 2.1 Stealth
 + Level 2.5 Spellcasting
 + Level 4.9 Conjurations


You had 2 spell levels left.
You knew the following spells:

 Your Spells              Type           Power        Failure   Level  Hunger
a - Magic Dart            Conj           ###.         2%          1    #......
b - Searing Ray           Conj           ###...       4%          2    ##.....
c - Dazzling Spray        Conj/Hex       ##....       22%         3    ###....

Your spell library contained the following spells:

 Spells                   Type           Power        Failure   Level  Hunger
 Confusing Touch          Hex            #.....       19%         1    #......
 Iskenderun's Mystic Bla  Conj           ###.....     26%         4    #####..
 Confuse                  Hex            #.......     50%         3    ###....
 Gell's Gravitas          Tloc           #.........   52%         3    ###....
 Force Lance              Conj/Tloc      #.......     56%         4    #####..
 Fulminant Prism          Conj/Hex       ##........   56%         4    #####..
 Petrify                  Tmut/Erth      #.......     89%         4    #####..
 Metabolic Englaciation   Hex/Ice        #.........   99%         5    ######.
 Yara's Violent Unravell  Hex/Tmut       #.........   99%         5    ######.


Dungeon Overview and Level Annotations

Branches:
Dungeon (3/15)

Altars:
Okawaru
Qazlal


Innate Abilities, Weirdness & Mutations

Your plain brown scales are hard. (AC +5)
You cannot fit into any form of body armour.
You are cold-blooded and may be slowed by cold attacks.


Message History

* * * LOW HITPOINT WARNING * * *
The worker ant barely misses you.
You feel yourself speed up. The worker ant barely misses you.
You closely miss the worker ant.
The worker ant is heavily wounded.
The worker ant barely misses you.
You hit the worker ant.
The worker ant is heavily wounded.
You feel sick.
The worker ant bites you but does no damage.
You barely miss the worker ant.
The worker ant is heavily wounded.
You closely miss the worker ant.
The worker ant is heavily wounded.
The worker ant bites you.
* * * LOW HITPOINT WARNING * * *
You hit the worker ant.
Your tail-slap misses the worker ant.
The worker ant is severely wounded.
The worker ant bites you.
You die...

## #......## ...##.......##
# ...#.........#.a
...............#
...#.........#
.............#
.............#
........####################
..##.......@...............#
........#.a.#...#...#...#..#
####......................_#
#....#...#...#...#...#..#
##......................#
##..####################
####


You could see a worker ant.

Vanquished Creatures
  A worker ant (D:4)
  2 adders (D:2)
  A dart slug (D:1)
  4 bats (D:2)
  5 giant cockroaches (D:1)
  2 goblins (D:1)
  3 hobgoblins
  9 jackals (D:1)
  6 kobolds
  A quokka (D:2)
  5 frilled lizards
  5 rats
44 creatures vanquished.

Notes
Turn   | Place    | Note
-------+----------+-------------------------------------------
     0 | D:1      | Briareos the Draconian Conjurer began the quest for the
                  | Orb.
     0 | D:1      | Reached XP level 1. HP: 14/14 MP: 3/3
   205 | D:1      | Reached XP level 2. HP: 20/20 MP: 0/5
   209 | D:1      | Learned a level 2 spell: Searing Ray
  1025 | D:1      | Reached XP level 3. HP: 26/26 MP: 3/6
  1283 | D:2      | Learned a level 3 spell: Dazzling Spray
  1364 | D:2      | Found a stormy altar of Qazlal.
  1794 | D:2      | Upgraded the game from 0.24.0-1-gfbc8707122 to
                  | 0.24.0-2-g5b39cebb1c
  2139 | D:3      | You fall into a shaft and drop 1 floor!
  2153 | D:4      | Found an iron altar of Okawaru.
  2165 | D:4      | Became a worshipper of Warmaster Okawaru
  2202 | D:4      | Reached skill level 1 in Polearms
  2202 | D:4      | Reached XP level 4. HP: 19/34 MP: 0/7
  2213 | D:4      | HP: 1/34 [worker ant (5)]
  2214 | D:4      | Slain by a worker ant

Levels and vault maps discovered:
D:1:      co_arrival_random_square_maze, layout_loops_ring,
          minmay_worlds_worst_comb
D:2:      layout_loops_ring, nicolae_qazlal_general_emergency
D:3:      layout_basic, gammafunk_temple_overflow_claw
D:4:      minmay_bubble_buster, layout_rooms, lemuel_round_altar,
          lemuel_coloured_pillars_altar, marbit_many_paths, first_ration,
          gup_sewer_entry_spiral, uniq_duvessa

Skill      XL: |  1  2  3 |
---------------+----------+-----
Stealth        | 2 |  2.1
Dodging        | 2 |  2.0
Polearms       | 1 |  1.1
Fighting       | |  0.4
Spellcasting   | |  2.5
Conjurations   | |  4.9

Action                   |  1- 3 |  4- 6 || total
-------------------------+-------+-------++-------
Melee: Spear             |    57 |    10 ||    67
       Unarmed           |     4 |       ||     4
       Tailslap          |     1 |     1 ||     2
 Cast: Magic Dart        |    57 |     2 ||    59
       Searing Ray       |     5 |       ||     5
       Dazzling Spray    |     2 |       ||     2
  Use: Scroll            |     4 |       ||     4
       Potion            |     1 |     1 ||     2
 Stab: Sleeping          |     2 |       ||     2
  Eat: Chunk             |     5 |       ||     5
Armor: Skin              |    19 |     3 ||    22
Dodge: Dodged            |    52 |     6 ||    58
